 Dungeon Crawl Stone Soup version 0.29-a0-1027-gcd8c55af63 (webtiles) character file.

Game seed: 8181542961169259763

9 hikkokomori the Cudgeller (level 2, 0/22 HPs)
             Began as a Meteoran Wanderer on Aug 13, 2022.
             Constricted to death by a ball python (1 damage)
             ... on level 1 of the Dungeon.
             The game lasted 00:02:04 (174 turns).

hikkokomori the Cudgeller (Meteoran Wanderer)        Turns: 174, Time: 00:02:05

Health: 0/22       AC:  2    Str: 14    XL:     2   Next: 35%
Magic:  3/5        EV:  8    Int: 14    God:
Gold:   8          SH:  0    Dex: 11    Spells: 3/4 levels left

rFire   . . .      SeeInvis .   a - +2 mace
rCold   . . .      Faith    .   (no shield)
rNeg    . . .      Spirit   .   d - +0 robe
rPois   .          Reflect  .   (no helmet)
rElec   .          Harm     .   (no cloak)
rCorr   .          Rampage  .   (no gloves)
Will    .....                   (no boots)
Stlth   +.........              (no amulet)
HPRegen 0.07/turn               (no ring)
MPRegen 0.09/turn               (no ring)

@: glowing, constricted
A: sense surroundings 1, otherworldly, glowing, explore regen
a: no special abilities


You were on level 1 of the Dungeon.
You visited 1 branch of the dungeon, and saw 1 of its levels.

You collected 8 gold pieces.

Inventory:

Hand Weapons
 a - a +2 mace (weapon)
Missiles
 e - 5 poisoned darts
Armour
 d - a +0 robe (worn)
Wands
 b - a wand of flame (4)
Scrolls
 c - a scroll of summoning


   Skills:
 + Level 0.5 Fighting
 - Level 6.6 Maces & Flails
 + Level 0.6 Dodging
 - Level 1.0 Stealth
 + Level 1.5 Spellcasting
 * Level 2.8 Summonings
 + Level 1.4 Evocations


You had 3 spell levels left.
You knew the following spells:

 Your Spells              Type           Power      Damage    Failure   Level
a - Summon Small Mammal   Summ           36%        N/A       8%          1

Your spell library contained the following spells:

 Spells                   Type           Power      Damage    Failure   Level
 Summon Guardian Golem    Hex/Summ       5%         N/A       38%         3


Dungeon Overview and Level Annotations

Branches:
Dungeon (1/15) Zot: 423

Altars:


Innate Abilities, Weirdness & Mutations

You passively map a small area around you.
You are easily found by Zot.
You glow in the dark.
You regain HP and MP as you explore.


Message History

The giant cockroach closely misses your rat.
The hobgoblin hits you. The ball python bites you. The ball python misses you.
Your rat completely misses the giant cockroach.
The giant cockroach bites your rat.
The hobgoblin hits you but does no damage.
A goblin comes into view. It is wielding a +0 club.
You closely miss the ball python.
Your bat barely misses the giant cockroach.
The ball python barely misses you. The ball python grabs you.
The ball python constricts you.
Your bat closely misses the giant cockroach.
Your rat barely misses the giant cockroach.
The giant cockroach bites your rat.
Your rat dies!
Your rat's corpse disappears in a puff of smoke!
The ball python bites you. The ball python constricts you.
The hobgoblin hits you.
You barely miss the ball python.
Your bat hits the giant cockroach but does no damage.
The ball python bites you. The ball python constricts you.
The hobgoblin hits you.
* * * LOW HITPOINT WARNING * * *
Unknown command.
The ball python's grasp on you weakens, but your attempt to escape fails.
Your bat hits the giant cockroach but does no damage.
The giant cockroach bites you.
* * * LOW HITPOINT WARNING * * *
Your bat hits the giant cockroach but does no damage.
The ball python bites you.
* * * LOW HITPOINT WARNING * * *
The ball python constricts you.
A quokka comes into view.
The hobgoblin hits you.
* * * LOW HITPOINT WARNING * * *
Unknown command.
Unknown command.
You barely miss the hobgoblin. The giant cockroach closely misses you.
The ball python bites you but does no damage.
The ball python constricts you.
You die...

#.# ,....+ ,,
##.######....##
##.... ,
#....................
, ,
###.................
, ,
#......#...#.#...* *
#.......#.#..b#.#
#..†.#...#.....#,, ,
, #.....#..#...B.# *
* ##.#...###...@S# *,
#..#..#..#..g#r.# ,
#...###...#.#w.)#* ,
#.)#...#...#...#g..
#.#.....#..#..#....
#........#####......
* #.#.....#..#
#..r..* #..#...#...#
#... , #...###...#.#,
###


You could see a dart slug, a quokka (wandering), a giant cockroach (ally
target), a hobgoblin, a goblin, a ball python, a rat and a friendly bat
(summoned).

Vanquished Creatures
  A dart slug (D:1)
  2 goblins (D:1)
  A hobgoblin (D:1)
  A ball python (D:1)
5 creatures vanquished.

Vanquished Creatures (collateral kills)
  A hobgoblin (D:1)
1 creature vanquished.

Grand Total: 6 creatures vanquished

Notes
Turn   | Place    | Note
-------+----------+-------------------------------------------
     0 | D:1      | hikkokomori the Meteoran Wanderer began the quest for the
                  | Orb.
     0 | D:1      | hikkokomori set off with the following items: a +2 mace, a
                  | wand of flame (4), a scroll of summoning, a +0 robe; and
                  | the following spell memorised: Summon Small Mammal; and the
                  | following spells available to memorise: Summon Guardian
                  | Golem.
     0 | D:1      | Reached XP level 1. HP: 14/14 MP: 3/3
   137 | D:1      | Reached XP level 2. HP: 14/22 MP: 3/5
   173 | D:1      | HP: 1/22 [hobgoblin (2)]
   174 | D:1      | Constricted to death by a ball python

Illustrated notes

Levels and vault maps discovered:
D:1:      dpeg_arrival_concentric_ovals, layout_basic,
          shapermc_ecumenical_altar_gd, corexii_item_surrounded_by_moat,
          minmay_splitting_lines, minmay_heptomino_l4

Action                   || total
-------------------------++-------
Melee: Mace              ||    16
 Cast: Summon Small Mamm ||     7
 Stab: Distracted        ||     1
Armor: Robe              ||     2
Dodge: Dodged            ||    10

Table legend: (Time is in decaauts)
 A = Elapsed time spent in this place.
 B = Non-inter-level travel time spent in this place.
 C = Inter-level travel time spent in this place.
 D = Time resting spent in this place.
 E = Time spent auto-exploring this place.
 F = Levels seen in this place.
 G = Mean time per level.
                   A        B        C        D        E       F      G
               +--------+--------+--------+--------+--------+-----+--------+
         Total |    175 |    175 |      0 |      0 |     49 |   1 |  175.0 |
       Dungeon |    175 |    175 |      0 |      0 |     49 |   1 |  175.0 |
               +--------+--------+--------+--------+--------+-----+--------+

Top non-repeatable levels by time:
     D:1: 175 daAuts
